 Dungeon Crawl Stone Soup version 0.21.1-1-g345015fe64 (webtiles) character file.

168 Ivernyr the Charmwright (level 5, -2/45 HPs)
             Began as a Deep Dwarf Skald on May 31, 2018.
             Was a Follower of Elyvilon.
             Slain by Edmund
             ... wielding a +2 dire flail of crushing
              (13 damage)
             ... on level 3 of the Dungeon.
             The game lasted 00:12:19 (2630 turns).

Ivernyr the Charmwright (Deep Dwarf Skald)          Turns: 2630, Time: 00:12:19

Health: -2/45      AC:  3    Str: 14    XL:     5   Next: 23%
Magic:  6/7        EV: 12    Int: 14    God:    Elyvilon [*.....]
Gold:   205        SH:  0    Dex: 13    Spells: 2/7 levels left

rFire    . . .     SeeInvis .   a - +2 hand axe (freeze)
rCold    . . .     Gourm    .   (no shield)
rNeg     . . .     Faith    .   b - +0 leather armour
rPois    .         Spirit   .   (no helmet)
rElec    .         Reflect  .   (no cloak)
rCorr    .         Harm     .   (no gloves)
MR       .....     Rnd*Tele +   (no boots)
Stlth    +.........             (no amulet)
HPRegen  0.00/turn              g - ring of teleportation (curse)
MPRegen  0.10/turn              (no ring)

@: non-regenerating
A: damage resistance, heal wounds, sense surroundings 1, no regeneration
a: Heal Wounds, Lesser Healing, Divine Protection, Renounce Religion


You were on level 3 of the Dungeon.
You worshipped Elyvilon.
Elyvilon was aware of your devotion.
You were very hungry.

You visited 1 branch of the dungeon, and saw 4 of its levels.

You collected 205 gold pieces.

Inventory:

Hand Weapons
 a - a +2 hand axe of freezing (weapon)
Missiles
 i - 10 bolts
Armour
 b - a +0 leather armour (worn)
Jewellery
 g - a cursed ring of teleportation (left hand)
Scrolls
 e - a scroll of amnesia {unknown}
 f - 5 scrolls of identify {unknown}
 h - a scroll of fear {unknown}
 j - 2 scrolls of remove curse {unknown}
 k - a scroll of enchant armour {unknown}
 n - a scroll of fog {unknown}
 o - a scroll of enchant weapon {unknown}
 t - a scroll of magic mapping {unknown}
Potions
 l - a potion of heal wounds {unknown}
 m - a potion of invisibility {unknown}
 p - a potion of berserk rage {unknown}
 q - 2 potions of agility {unknown}
 r - a potion of magic {unknown}
 s - a potion of brilliance {unknown}
Books
 c - a book of Battle

   Spells                             Type                      Level
   a - Infusion                       Charms                       1
   b - Shroud of Golubria             Charms/Translocation         2
   c - Song of Slaying                Charms                       2
   d - Spectral Weapon                Hexes/Charms                 3
   e - Regeneration                   Charms/Necromancy            3
Comestibles
 d - 5 rations


   Skills:
 - Level 2.0 Fighting
 + Level 3.4 Axes
 + Level 2.7 Armour
 - Level 2.1 Dodging
 - Level 1.7 Spellcasting
 * Level 4.1 Charms
 + Level 1.4 Invocations


You had 2 spell levels left.
You knew the following spells:

 Your Spells              Type           Power        Failure   Level  Hunger
a - Shroud of Golubria    Chrm/Tloc      #.........   19%         2    ###....
b - Song of Slaying       Chrm           ##......     9%          2    ###....
c - Infusion              Chrm           ##..         5%          1    ##.....


Dungeon Overview and Level Annotations

Branches:
Dungeon (4/15)
 Temple: D:4-7

Altars:
Elyvilon
Gozag
Sif Muna

Annotations:
D:3 Edmund
D:4 Eustachio


Innate Abilities, Weirdness & Mutations

You are resistant to damage.
You can heal yourself by infusing magical energy.
You passively map a small area around you.
You do not regenerate.


Message History

Edmund hits you with a dire flail of crushing.
Found a club.
Found a stone staircase leading up.
An ogre comes into view. It is wielding a giant club.
The ogre shouts!
Found 7 tomahawks.
The ogre barely misses you.
An orc wizard comes into view. It is wielding a dagger.
There is a stone staircase leading up here.
Edmund hits you with a dire flail of crushing.
The ogre hits you with a giant club!
* * * LOW HITPOINT WARNING * * *
The orc wizard moves out of view.
You climb upwards.
There is a stone staircase leading down here.
Casting: Shroud of Golubria
Confirm with . or Enter, or press ? or * to list all spells.
Okay, then.
You are healed.
You feel somewhat more hungry.
Edmund hits you with a dire flail of crushing!
You die...

#.#.##.##.....#
#...##.##.....#
#.####.########
#.####.#.##
#.........######
###.####.....#...#
#.....#..........#
#.#>#.##.....#...#
#@#O#.###...###...
#@#........## ####
#O....######
#######


You could see Edmund and an ogre.

Vanquished Creatures
  5 adders
  A howler monkey skeleton (D:4)
  3 oozes (D:1)
  5 worms
  A dart slug (D:2)
  2 leopard geckos
  6 orcs
  10 bats
  5 giant cockroaches
  8 hobgoblins
  2 jackals (D:1)
  2 ball pythons
  5 frilled lizards
  9 goblins
  9 kobolds
  7 rats
80 creatures vanquished.

Notes
Turn   | Place    | Note
-------+----------+-------------------------------------------
     0 | D:1      | Ivernyr the Deep Dwarf Skald began the quest for the Orb.
     0 | D:1      | Reached XP level 1. HP: 19/19 MP: 3/3
    73 | D:1      | Reached skill level 3 in Charms
    73 | D:1      | Reached XP level 2. HP: 12/26 MP: 4/4
   236 | D:1      | HP: 1/26 [kobold/short sword (3)]
   286 | D:1      | Reached XP level 3. HP: 29/32 MP: 5/5
   867 | D:2      | Learned a level 2 spell: Song of Slaying
   870 | D:2      | Learned a level 2 spell: Shroud of Golubria
   915 | D:2      | Found a deep blue altar of Sif Muna.
   980 | D:2      | Reached XP level 4. HP: 36/39 MP: 0/6
  1247 | D:2      | Found a white marble altar of Elyvilon.
  1257 | D:2      | Became a worshipper of Elyvilon the Healer
  1730 | D:2      | Reached skill level 4 in Charms
  1960 | D:3      | Reached skill level 1 in Invocations
  2121 | D:3      | Reached XP level 5. HP: 27/45 MP: 7/7
  2171 | D:3      | Reached * piety under Elyvilon
  2389 | D:3      | Found an opulent altar of Gozag.
  2595 | D:4      | Noticed Eustachio
  2605 | D:4      | Noticed Edmund
  2621 | D:4      | Noticed an ogre
  2630 | D:3      | Slain by Edmund

Skill      XL: |  1  2  3  4 |
---------------+-------------+-----
Fighting       | 2 |  2.0
Charms         | 3 4 |  4.1
Armour         | 2 |  2.7
Axes           | 3 |  3.4
Invocations    | 1 |  1.4
Dodging        | |  2.1
Spellcasting   | |  1.7

Action                   |  1- 3 |  4- 6 || total
-------------------------+-------+-------++-------
Melee: Hand axe          |   155 |   137 ||   292
 Cast: Shroud of Golubri |     1 |    20 ||    21
Invok: Lesser Healing    |       |     1 ||     1
 Abil: Heal Wounds       |     2 |     2 ||     4
 Stab: Sleeping          |     2 |       ||     2
  Eat: Chunk             |       |     7 ||     7
Armor: Leather armour    |    40 |    18 ||    58
Dodge: Dodged            |    86 |    73 ||   159
